 Dungeon Crawl Stone Soup version 0.28.0-43-g3370ac3207 (webtiles) character file.

Game seed: 13379752594634470055

150 smarlow the Skirmisher (level 5, -2/33 HPs)
             Began as a Demonspawn Chaos Knight on Mar 6, 2022.
             Was a Plaything of Xom.
             Slain by an orc
             ... wielding a +0 dagger
              (3 damage)
             ... on level 4 of the Dungeon.
             The game lasted 00:05:31 (3434 turns).

smarlow the Skirmisher (Demonspawn Chaos Knight)    Turns: 3434, Time: 00:05:32

Health: -2/33      AC:  5    Str: 14      XL:     5   Next: 10%
Magic:  5/5        EV: 11    Int: 12 (13) God:    Xom [......]
Gold:   185        SH:  0    Dex: 13      Spells: 4/4 levels left

rFire   . . .      SeeInvis .   a - +0 hand axe (chaos)
rCold   . . .      Faith    .   (no shield)
rNeg    . . .      Spirit   .   b - +2 leather armour
rPois   .          Reflect  .   (helmet restricted)
rElec   .          Harm     .   (no cloak)
rCorr   .          Rampage  .   (no gloves)
Will    .....                   (no boots)
Stlth   +.........              (no amulet)
HPRegen 0.11/turn               (no ring)
MPRegen 0.09/turn               (no ring)

@: confused, unable to read
A: horns 2, ignite blood 1, deterioration 1, frail 2, inability to read while
threatened
a: Renounce Religion


You were on level 4 of the Dungeon.
You worshipped Xom.
You were a very special plaything of Xom.
You visited 1 branch of the dungeon, and saw 4 of its levels.

You collected 185 gold pieces.

Inventory:

Hand Weapons
 a - a +0 hand axe of chaos (weapon)
Armour
 b - a +2 leather armour (worn)
Wands
 j - a wand of iceblast (10)
Scrolls
 d - 2 scrolls of identify {unknown}
 e - 2 scrolls of summoning {unknown}
 f - a scroll of amnesia {unknown}
 g - a scroll of immolation {unknown}
 h - a scroll of noise {unknown}
 i - a scroll of teleportation {unknown}


   Skills:
 * Level 4.2 Fighting
 * Level 3.8 Axes
 + Level 2.6 Armour
 - Level 1.4 Dodging


You had 4 spell levels left.
You didn't know any spells.
Your spell library was empty.

Dungeon Overview and Level Annotations

Branches:
Dungeon (4/15)
 Temple: D:4-7

Altars:


Innate Abilities, Weirdness & Mutations

You have a pair of horns on your head.
Your demonic aura sometimes causes spilled blood to erupt in flames.
Your body sometimes deteriorates upon taking damage.
You are very frail. (-20% HP)
You sometimes lose the ability to read scrolls when taking damage.


Message History

You hit something.
You hear some strange, mumbled words.
Something tries to affect you, but you resist.
You barely miss something. Something hits you but does no damage.
You closely miss something. Your headbutt misses something.
You can read scrolls again.
Something hits you.
* * * LOW HITPOINT WARNING * * *
You barely miss something.
You hear the brisk rusting of a drain very nearby.
You hear some strange, mumbled words.
Something tries to affect you, but you resist.
You hit something. Your headbutt misses something. Something hits you.
* * * LOW HITPOINT WARNING * * *
Reactivating autopickup.
You feel a bit more experienced.
You have reached level 5!
Your demonic ancestry asserts itself...
Your blood heats up.
You see here a +2 mace of holy wrath.
You hear some strange, mumbled words.
Deactivating autopickup; reactivate with Ctrl-A.
You are confused.
You bump into the rock wall.
You bump into the rock wall.
Something hits you.
You feel threatened and lose the ability to read scrolls!
* * * LOW HITPOINT WARNING * * *
Unknown command.
You bump into the rock wall.
You can read scrolls again.
The orc misses you. Something hits you.
You feel threatened and lose the ability to read scrolls!
* * * LOW HITPOINT WARNING * * *
You bump into the rock wall.
You can read scrolls again.
The orc closely misses you. Something hits you.
* * * LOW HITPOINT WARNING * * *
You bump into the rock wall.
The orc hits you with a +0 dagger.
You feel threatened and lose the ability to read scrolls!
You die...

..>.......#...#******,*,,,**,,,,,
###.#######...# ***,**,,**>****
#,******#...# *,,,,,,,,*,*
*,,,,<,,#...# *,*,***,,*,****
******#,#...# *,*,* **,*,,,,*
#.#...# *,*,****,*,**,* #....##
*,*≈≈≈≈≈,****,*
####.######,*≈***≈,,,,,,*
#...)@.#,*≈*_*≈*******
********######o#,*≈*+*≈,*
*,,,,,,,* #)#,*≈≈,≈≈,* **
*,*****,* #.#,,,,,,*,* ,*
*,*****,* ***#.#*****,*,*
,***,**≈******≈*#..,* *,<,*
,,,*,*≈≈≈≈≈≈≈≈≈≈###,* *****
,*,*,*≈≈≈****≈≈≈* *,*
,*,*,**≈**≈≈**≈** *,*


You could see an orc.

Vanquished Creatures
  A hound (D:4)
  A bullfrog skeleton (D:4)
  An orc wizard (D:4)
  2 worms
  7 orcs
  10 ball pythons
  2 bats
  2 endoplasms
  3 giant cockroaches
  5 goblins
  3 hobgoblins
  2 jackals (D:1)
  4 kobolds
  3 quokkas
  2 frilled lizards
  8 rats
56 creatures vanquished.

Notes
Turn   | Place    | Note
-------+----------+-------------------------------------------
     0 | D:1      | smarlow the Demonspawn Chaos Knight began the quest for the
                  | Orb.
     0 | D:1      | Reached XP level 1. HP: 18/18 MP: 1/1
    24 | D:1      | Reached skill level 1 in Dodging
    64 | D:1      | XOM: silly message
   173 | D:1      | Gained mutation: You have a pair of small horns on your
                  | head. [demonic ancestry]
   173 | D:1      | Reached XP level 2. HP: 19/24 MP: 2/2
   284 | D:1      | XOM: silly message
  1113 | D:2      | XOM: divination: magic mapping
  1378 | D:2      | XOM: 4-stop teleportation journey
  1386 | D:2      | Reached XP level 3. HP: 29/29 MP: 3/3
  1615 | D:2      | XOM: stat loss: -1 Str (13/14)
  1624 | D:2      | XOM: give mutations
  1624 | D:2      | Gained mutation: Your body sometimes deteriorates upon
                  | taking damage. [Xom's mischief]
  1624 | D:2      | Gained mutation: You are frail. (-10% HP) [Xom's mischief]
  1624 | D:2      | Gained mutation: You are very frail. (-20% HP) [Xom's
                  | mischief]
  1823 | D:2      | XOM: noise
  2342 | D:3      | XOM: swap monsters
  2397 | D:3      | XOM: butterfly on damage
  2975 | D:3      | Found a faded altar of an unknown god.
  3034 | D:3      | XOM: give mutations
  3034 | D:3      | Gained mutation: You sometimes lose the ability to read
                  | scrolls when taking damage. [Xom's mischief]
  3034 | D:3      | Gained mutation: Armour fits poorly on your strangely
                  | shaped body. [Xom's mischief]
  3034 | D:3      | Lost mutation: Armour fits poorly on your strangely shaped
                  | body. [Xom's mischief]
  3046 | D:3      | XOM: stat loss: -1 Str (12/14)
  3068 | D:4      | XOM: blink monster(s)
  3084 | D:4      | Gained mutation: You have a pair of horns on your head.
                  | [demonic ancestry]
  3084 | D:4      | Reached XP level 4. HP: 4/29 MP: 4/4
  3096 | D:4      | Reached skill level 4 in Fighting
  3429 | D:4      | Gained mutation: Your demonic aura sometimes causes spilled
                  | blood to erupt in flames. [demonic ancestry]
  3429 | D:4      | Reached XP level 5. HP: 7/33 MP: 5/5
  3432 | D:4      | HP: 1/33 [something (3)]
  3434 | D:4      | Slain by an orc

Illustrated notes

Levels and vault maps discovered:
D:1:      dpeg_arrival_long_road, layout_loops_ring
D:2:      layout_loops_cross
D:3:      layout_basic, dreamdust_ecumenical_altar_hidden_monk_grotto
D:4:      layout_basic, kennysheep_mini_moat, gup_sewer_entry_bubbles,
          uniq_eustachio

Skill      XL: |  1  2  3  4 |
---------------+-------------+-----
Dodging        | 1 |  1.4
Armour         | 2 |  2.6
Axes           | 3 |  3.8
Fighting       | 4 |  4.2

Action                   |  1- 3 |  4- 6 || total
-------------------------+-------+-------++-------
Melee: Hand axe          |   128 |    34 ||   162
       Headbutt          |    15 |     5 ||    20
       Punch             |       |     2 ||     2
  Use: Scroll            |     1 |       ||     1
 Stab: Sleeping          |     2 |       ||     2
       Confused          |     1 |       ||     1
Armor: Leather armour    |    44 |     4 ||    48
Dodge: Dodged            |    65 |    20 ||    85
